 Dungeon Crawl Stone Soup version 0.31-a0-185-g9dded2c639 (webtiles) character file.

Game seed: 4668132819296899681

254 qw the Skirmisher (level 5, -1/30 HPs)
             Began as a Deep Elf Hunter on June 22, 2023.
             Slain by a quokka (3 damage)
             ... on level 4 of the Dungeon.
             The game lasted 00:01:04 (2409 turns).

qw the Skirmisher (Deep Elf Hunter)                 Turns: 2409, Time: 00:01:04

Health: -1/30      AC: 14    Str: 10    XL:     5   Next: 91%
Magic:  7/7        EV: 11    Int: 14    God:
Gold:   25         SH:  0    Dex: 18    Spells: 4/4 levels left

rFire   . . .        Y - +1 shortbow
rCold   . . .        (shield currently unavailable)
rNeg    . . .        a - +0 ring mail
rPois   .            c - +0 helmet
rElec   .            d - +2 cloak
rCorr   .            q - +0 pair of gloves
SInv    .            (no boots)
Will    .....        (no amulet)
Stlth   +            f - +4 ring of protection
HPRegen 0.25/turn    (no ring)
MPRegen 0.10/turn

%: no passive effects
@: weakened
A: no striking features
a: no special abilities


You were on level 4 of the Dungeon.
You visited 1 branch of the dungeon, and saw 4 of its levels.

You collected 122 gold pieces.
You spent 97 gold pieces at shops.


   Skills:
 + Level 1.7 Fighting
 - Level 9.0 Ranged Weapons
 - Level 1.4 Armour
 - Level 2.4 Dodging
 - Level 1.2 Stealth


You had 4 spell levels left.
You didn't know any spells.
Your spell library was empty.

Inventory:

Hand Weapons
 Y - a +1 shortbow (weapon)
Armour
 a - a +0 ring mail (worn)
 c - a +0 helmet (worn)
 d - a +2 cloak (worn)
 q - a +0 pair of gloves (worn)
Jewellery
 f - a +4 ring of protection (left hand)
Scrolls
 m - a scroll of identify
Potions
 b - a potion of mutation
 e - 3 potions of curing
 h - a potion of lignification {unknown}
 j - a potion of enlightenment {unknown}
 k - a potion of berserk rage {unknown}
 l - a potion of brilliance {unknown}
 p - a potion of invisibility {unknown}

Dungeon Overview and Level Annotations

Branches:
Dungeon (4/15)
 Temple: D:4-7

Altars:
Elyvilon
Kikubaaqudgha
Vehumet
Zin

Shops:
D:3 *?[

Annotations:
D:3 1 runed translucent door, Crazy Yiuf


Message History

You shoot an arrow.
The arrow barely misses the gnoll bouda.
The arrow hits the ball python!
You kill the ball python!
The gnoll completely misses you.
The gnoll bouda hits you with a +0 whip.
The gnoll closely misses you. The gnoll hits you with a +0 club.
You shoot an arrow.
The arrow hits the gnoll bouda but does no damage.
The gnoll bouda is severely wounded.
The gnoll misses you.
The gnoll bouda gazes fiercely through you!
You feel as though you will be weak longer.
The gnoll bouda closely misses you. The gnoll hits you but does no damage.
The gnoll hits you with a +0 whip.
You shoot an arrow. The arrow hits the gnoll bouda!
You kill the gnoll bouda!
The gnoll is no longer moving quickly.
The gnoll closely misses you. The gnoll hits you with a +0 whip.
The gnoll hits you but does no damage.
Your Armour skill increases to level 1!
You shoot an arrow. The arrow hits the gnoll.
The gnoll is moderately wounded.
The quokka barely misses you. The gnoll barely misses you.
The gnoll hits you with a +0 club. The gnoll completely misses you.
The quokka bites you but does no damage.
The gnoll hits you with a +0 whip.
You shoot an arrow. The arrow hits the gnoll!
You kill the gnoll!
The gnoll hits you with a +0 whip.
The quokka bites you but does no damage.
The gnoll hits you but does no damage.
You shoot an arrow. The arrow hits the gnoll!
The gnoll is severely wounded.
The gnoll is no longer moving quickly.
The gnoll barely misses you.
The quokka bites you but does no damage.
The gnoll hits you but does no damage. x2
You shoot an arrow. The arrow hits the gnoll!
You kill the gnoll!
The gnoll is no longer moving quickly.
The quokka bites you.
You die...

#...### #.##
##.....### #.##
#...>....#######.##
#..####............
#..# ##...#####.#.
#..# ###.# #.##
#######..# #.# #.##
.........# #.. #.##
.......r@# ##.#
#%## .......gg)[.#
.. ....
#######..##....#
... ..## #..# ##..
#.# #..# #..# #..#
#..#


You could see 2 gnolls and a quokka.

Vanquished Creatures
  An orc priest (D:2)
  A gnoll bouda (D:4)
  10 gnolls
  4 adders
  2 worms
  A dart slug (D:1)
  2 orcs (D:2)
  8 ball pythons
  8 endoplasms
  5 giant cockroaches
  7 goblins
  2 hobgoblins (D:2)
  3 jackals (D:1)
  3 kobolds
  A quokka (D:1)
  6 bats
  4 frilled lizards
  3 rats
71 creatures vanquished.

Notes
Turn   | Place    | Note
-------+----------+-------------------------------------------
     0 | D:1      | qw the Deep Elf Hunter began the quest for the Orb.
     0 | D:1      | Reached XP level 1. HP: 12/12 MP: 3/3
     0 | D:1      | 0 ||| qw: Version: 0.3-a-9-g12657ce
     0 | D:1      | 0 ||| qw: Game counter: 1853
     0 | D:1      | 0 ||| qw: Always use a shield: true
     0 | D:1      | 0 ||| qw: God list: Okawaru
     0 | D:1      | 0 ||| qw: Allow faded altars: false
     0 | D:1      | 0 ||| qw: Do Orc after D:15 true
     0 | D:1      | 0 ||| qw: Do second Lair branch before Depths: true
     0 | D:1      | 0 ||| qw: Lair rune preference: random
     0 | D:1      | 0 ||| qw: Plans: Normal
     0 | D:1      | 0 ||| PLANNING D:1-11
   181 | D:1      | Reached XP level 2. HP: 16/16 MP: 4/4
   187 | D:1      | Reached skill level 6 in Ranged Weapons
   575 | D:1      | Reached XP level 3. HP: 15/20 MP: 5/5
   729 | D:1      | 729 ||| UPGRADING to +0 cloak.
   734 | D:1      | 734 ||| UPGRADING to +4 ring of protection.
   735 | D:1      | 735 ||| READING scroll labelled LICEOB BELEIV.
   736 | D:1      | 736 ||| READING 2 scrolls labelled JAEBIN ANOM.
   737 | D:1      | 737 ||| READING scroll of enchant armour.
   737 | D:1      | 737 ||| ENCHANTING +0 cloak.
   738 | D:1      | 738 ||| DRINKING 2 white potions.
   739 | D:1      | 739 ||| DRINKING 2 red potions.
   740 | D:1      | 740 ||| DROPPING scroll of butterflies.
   841 | D:2      | 841 ||| READING scroll of enchant armour.
   841 | D:2      | 841 ||| ENCHANTING +1 cloak.
   888 | D:2      | Reached skill level 7 in Ranged Weapons
  1044 | D:2      | Reached XP level 4. HP: 25/25 MP: 6/6
  1222 | D:2      | Reached skill level 8 in Ranged Weapons
  1465 | D:2      | 1465 ||| UPGRADING to +0 ring mail.
  1475 | D:2      | 1475 ||| DROPPING +0 leather armour.
  1476 | D:2      | 1476 ||| READING scroll labelled ALAUPIH LEUT.
  1477 | D:2      | 1477 ||| READING scroll labelled LUQOMU RUBAISH.
  1478 | D:2      | 1478 ||| READING scroll labelled ENWOKHL KOERAEC.
  1493 | D:3      | Found Putsa's Armour Shoppe.
  1496 | D:3      | 1496 ||| BUYING +0 helmet (58 gold).
  1496 | D:3      | Bought a +0 helmet for 58 gold pieces
  1604 | D:3      | Found a faded altar of an unknown god.
  1635 | D:3      | Reached XP level 5. HP: 29/29 MP: 7/7
  1667 | D:3      | Identified the +7 war axe "Bigim" {spect, rPois rC+ SInv}
  1844 | D:3      | 1844 ||| DROPPING +5 sling.
  1855 | D:3      | Found Kibeitt's General Store.
  1862 | D:3      | 1862 ||| BUYING potion of curing (39 gold).
  1862 | D:3      | Bought a potion of curing for 39 gold pieces
  1862 | D:3      | 1862 ||| SHOPLISTING potion of haste (130 gold, have 4).
  1862 | D:3      | 1862 ||| SHOPLISTING scroll of identify (26 gold, have 4).
  1919 | D:3      | HP: 6/29 [frozen (3)]
  1920 | D:3      | 1920 ||| DRINKING 2 potions of heal wounds.
  1937 | D:3      | Reached skill level 9 in Ranged Weapons
  2058 | D:3      | Found a white marble altar of Elyvilon.
  2058 | D:3      | Found a glowing silver altar of Zin.
  2065 | D:3      | Found an ancient bone altar of Kikubaaqudgha.
  2067 | D:3      | Found a radiant altar of Vehumet.
  2069 | D:3      | Found a faded altar of an unknown god.
  2112 | D:3      | Found Tufyva's Magic Scroll Boutique.
  2115 | D:3      | 2115 ||| SHOPLISTING scroll of identify (28 gold, have 25).
  2115 | D:3      | 2115 ||| SHOPLISTING scroll of teleportation (42 gold, have
                  | 25).
  2253 | D:3      | Found a runed translucent door.
  2254 | D:3      | Noticed Crazy Yiuf
  2257 | D:3      | 2257 ||| UPGRADING to +0 helmet.
  2262 | D:3      | 2262 ||| UPGRADING to +0 pair of gloves.
  2267 | D:3      | 2267 ||| READING 2 scrolls labelled DYRECU OCLE.
  2268 | D:3      | 2268 ||| READING scroll labelled SAJAULAJIKH.
  2269 | D:3      | 2269 ||| DRINKING 2 ruby potions.
  2270 | D:3      | 2270 ||| READING 2 scrolls of identify.
  2270 | D:3      | 2270 ||| IDENTIFYING bubbling red potion
  2271 | D:3      | 2271 ||| DROPPING potion of attraction.
  2272 | D:3      | 2272 ||| DROPPING scroll of amnesia.
  2400 | D:4      | HP: 6/29 [gnoll bouda/+0 whip (5)]
  2401 | D:4      | 2401 ||| DRINKING potion of heal wounds.
  2406 | D:4      | Reached skill level 1 in Armour
  2406 | D:4      | HP: 4/29 [gnoll/+0 whip[a gnoll bouda] (4)]
  2409 | D:4      | Slain by a quokka

Levels and vault maps discovered:
D:1:      nagdon_arrival_double_spiral, layout_loops_ring
D:2:      layout_basic
D:3:      layout_loops_ring, chequers_temple_overflow_minitemple, serial_shops,
          nicolae_shop_rolled_up, nicolae_diamond_shop, shop,
          ebering_ecumenical_altar_rust, uniq_crazy_yiuf_cottage
D:4:      layout_rooms, trog_book, uniq_natasha, uniq_menkaure, uniq_robin,
          uniq_eustachio

Skill      XL: |  1  2  3  4  5 |
---------------+----------------+-----
Ranged Weapons | 6 7 8 9 |  9.0
Armour         | 1 |  1.4
Fighting       | |  1.7
Dodging        | |  2.4
Stealth        | |  1.2

Action                     |  1- 3 |  4- 6 || total
---------------------------+-------+-------++-------
   Fire: Shortbow          |   104 |   134 ||   238
    Use: Scroll            |     4 |     6 ||    10
         Potion            |     2 |     3 ||     5
 Armour: Leather armour    |    12 |     9 ||    21
         Ring mail         |       |    27 ||    27
  Dodge: Dodged            |    18 |    66 ||    84

Table legend:
 A = Non-vault XP
 B = Vault XP
 C = Vault XP percentage of total XP
 D = Non-vault monster count
 E = Vault monster count
 F = Vault count percentage of total count
                 A         B        C        D         E       F
            +---------+---------+-------+---------+---------+-------
      Total |     379 |       0 |   0.0 |      71 |       0 |   0.0
            +---------+---------+-------+---------+---------+-------
        D:1 |      45 |       0 |   0.0 |      25 |       0 |   0.0
        D:2 |     136 |       0 |   0.0 |      25 |       0 |   0.0
        D:3 |     100 |       0 |   0.0 |      14 |       0 |   0.0
        D:4 |      98 |       0 |   0.0 |       7 |       0 |   0.0
            +---------+---------+-------+---------+---------+-------
